 Dungeon Crawl Stone Soup version 0.31.0-11-ge490571c62 (webtiles) character file.

Game seed: 11121304478196029973

317 Minsecho the Grasshopper (level 6, -1/32 HPs)
             Began as a Spriggan Warper on Jan 26, 2024.
             Was an Initiate of Dithmenos.
             Killed by nerve-wracking pain
             ... invoked by Menkaure
              (13 damage)
             ... on level 4 of the Dungeon.
             The game lasted 00:15:12 (5118 turns).

Minsecho the Grasshopper (Spriggan Warper)          Turns: 5118, Time: 00:15:13

Health: -1/32      AC:  2    Str:  9    XL:     6   Next: 20%
Magic:  9/11       EV: 18    Int: 15    God:    Dithmenos [......]
Gold:   234        SH:  0    Dex: 14    Spells: 7/11 levels left

rFire   + . .        a - +2 dagger (venom)
rCold   + . .        (no shield)
rNeg    . . .        b - +0 robe
rPois   .            (helmet restricted)
rElec   .            k - scarf {rC+ rF+}
rCorr   +            (gloves unavailable)
SInv    +            (boots unavailable)
Will    +....        (no amulet)
Stlth   +++          g - ring of resist corrosion
HPRegen 0.25/turn    (no ring)
MPRegen 0.12/turn

%: no passive effects
@: on blink cooldown, very quick
A: very small, no large weapons, unfitting armour, see invisible, speed 3
a: Renounce Religion


You were on level 4 of the Dungeon.
You worshipped Dithmenos.
Dithmenos was noncommittal.
You visited 2 branches of the dungeon, and saw 5 of its levels.

You collected 234 gold pieces.

Inventory:

Hand Weapons
 a - a +2 dagger of venom (weapon)
 n - a +0 sling
Missiles
 d - 4 darts of dispersal
 h - 2 poisoned darts
 m - 42 stones (quivered)
Armour
 b - a +0 robe (worn)
 k - a scarf of resistance (worn)
Jewellery
 g - a ring of resist corrosion (left hand)
Talismans
 o - a blade talisman
 p - a beast talisman
Scrolls
 c - a scroll of blinking
 e - a scroll of noise {unknown}
 j - 3 scrolls of revelation {unknown}
 q - a scroll of fog {unknown}
Potions
 i - a potion of lignification


   Skills:
 + Level 2.5 Fighting
 + Level 2.9 Short Blades
 + Level 2.5 Ranged Weapons
 + Level 1.0 Throwing
 + Level 4.0 Dodging
 * Level 4.6 Stealth
 + Level 3.1 Spellcasting
 + Level 5.1 Translocations
 * Level 1.9 Shapeshifting


You had 7 spell levels left.
You knew the following spells:

 Your Spells              Type           Power      Damage    Failure   Level
a - Lesser Beckoning      Tloc           34%        N/A       3%          2
b - Blink                 Tloc           34%        N/A       3%          2

Your spell library contained the following spells:

 Spells                   Type           Power      Damage    Failure   Level
 Teleport Other           Tloc           17%        N/A       7%          3
 Magic Dart               Conj           8%         1d3       21%         1
 Manifold Assault         Tloc           17%        N/A       24%         4
 Searing Ray              Conj           4%         2d4       30%         2
 Vhi's Electric Charge    Tloc/Air       20%        N/A       56%         4
 Fulminant Prism          Conj/Alch      1%         3d5       89%         4


Dungeon Overview and Level Annotations

Branches:
Dungeon (4/15)             Temple (1/1) D:4

Altars:
Dithmenos
Elyvilon
Gozag
Makhleb
Nemelex Xobeh
Qazlal
Sif Muna
Trog
Uskayaw
Vehumet
The Shining One

Annotations:
D:4 Menkaure


Innate Abilities, Weirdness & Mutations

You are very small and have problems with some larger weapons.
You are too small for most types of armour.
You have supernaturally acute eyesight. (SInv)
You cover ground extremely quickly. (Speed+++)


Message History

Press: ? - help, Q - select action, (/) - cycle Dir - look around, f - activate
Okay, then.
You feel less invigorated.
You feel less confused.
Throw: 45 stones
Press: ? - help, Q - select action, (/) - cycle Shift-Dir - straight line, f/p - Menkaure
Aim: Menkaure (almost destroyed, 72% to hit)
You throw a stone. The stone barely misses Menkaure.
Menkaure casts a spell.
Menkaure seems to speed up.
Throw: 44 stones
Press: ? - help, Q - select action, (/) - cycle Shift-Dir - straight line, f/p - Menkaure
Aim: Menkaure (almost destroyed, fast, 72% to hit)
You throw a stone.
The stone hits Menkaure but does no damage.
Menkaure is almost destroyed.
You hit Menkaure but do no damage.
Menkaure is almost destroyed.
Menkaure gestures at you while chanting.
You resist with significant effort.
You hit Menkaure but do no damage.
Menkaure is almost destroyed.
Menkaure barely misses you.
You closely miss Menkaure.
Menkaure is almost destroyed.
Menkaure hits you!
Casting: Blink (safe; 3% risk of failure)
Confirm with . or Enter, or press ? or * to list all spells.
You blink.
Okay, then.
Throw: 43 stones
Press: ? - help, Q - select action, (/) - cycle Shift-Dir - straight line, f/p - Menkaure
Aim: Menkaure (almost destroyed, fast, 72% to hit)
You throw a stone.
The stone hits Menkaure but does no damage.
Menkaure is almost destroyed.
Menkaure shrieks, "Why can't you leave me to my rest?"
Menkaure gestures at you while chanting.
Pain shoots through your body!
You die...

#......)..........##.##.#
#.###############.##.##.#
##.######### #.##.##.#
#..........# #.##.##.#
#..........# #.##.##.#
#..........#######.##.##.#
#..........+.....#.##.##.#
##.....<....#####.#.##.##.#
............M...@....#.##.#
########.......##.####.##.#
.......'..................#
########.......##.####.#####
..# ##.......#.# #.....#
#.#######.......#.# #####.#
#...........##..#.# #.#
#...............#.########.#
...#####.#####.##........#.#


You could see Menkaure (fast).

Vanquished Creatures
  A hound (D:4)
  An orc priest (D:3)
  An iguana (D:4)
  A sleepcap (D:3)
  Terence (D:3)
  5 gnolls
  6 adders
  2 dart slugs (D:3)
  A ribbon worm (D:2)
  9 orcs
  5 ball pythons
  4 bats
  5 endoplasms
  5 giant cockroaches
  8 goblins
  2 hobgoblins (D:4)
  5 kobolds
  3 quokkas
  3 frilled lizards
  4 rats
72 creatures vanquished.

Notes
Turn   | Place    | Note
-------+----------+-------------------------------------------
     0 | D:1      | Minsecho the Spriggan Warper began the quest for the Orb.
     0 | D:1      | Reached XP level 1. HP: 10/10 MP: 5/5
   139 | D:1      | Found a faded altar of an unknown god.
   146 | D:1      | Reached skill level 1 in Stealth
   193 | D:1      | Reached XP level 2. HP: 8/14 MP: 6/6
   501 | D:1      | Learned a level 2 spell: Lesser Beckoning
   504 | D:1      | Learned a level 2 spell: Blink
  1410 | D:2      | Reached XP level 3. HP: 10/18 MP: 8/8
  2448 | D:3      | Found a stormy altar of Qazlal.
  2449 | D:3      | Noticed a fire elemental
  2451 | D:3      | Noticed an air elemental
  2452 | D:3      | Noticed a water elemental
  2452 | D:3      | Noticed an earth elemental
  2844 | D:3      | Reached XP level 4. HP: 23/23 MP: 9/9
  3494 | D:3      | Noticed Terence
  3614 | D:3      | Killed Terence
  3615 | D:3      | Reached skill level 5 in Translocations
  3615 | D:3      | Reached XP level 5. HP: 26/27 MP: 10/10
  3717 | D:3      | Reached skill level 1 in Ranged Weapons
  4186 | D:3      | Reached skill level 1 in Shapeshifting
  4249 | D:4      | Found a staircase to the Ecumenical Temple.
  4264 | D:4      | Noticed Menkaure
  4415 | Temple   | Entered the Ecumenical Temple
  4451 | Temple   | Became a worshipper of Dithmenos the Shadowed
  4641 | D:4      | Reached XP level 6. HP: 32/32 MP: 11/11
  5118 | D:4      | Killed from afar by Menkaure

Illustrated notes

Levels and vault maps discovered:
D:1:      lemuel_arrival_rhombus, layout_loops_ring,
          shapermc_ecumenical_altar_notcrosses
D:2:      layout_basic
D:3:      minmay_door_path, layout_loops_ring, nicolae_qazlal_style_of_elements,
          uniq_terence
D:4:      layout_basic, temple_pool_b, uniq_menkaure
Temple:   hellmonk_temple_micro_hex

Skill      XL: |  1  2  3  4  5 |
---------------+----------------+-----
Stealth        | 1 2 3 4 |  4.6
Spellcasting   | 3 |  3.1
Fighting       | 2 |  2.5
Translocations | 5 |  5.1
Ranged Weapons | 2 |  2.5
Dodging        | 4 |  4.0
Shapeshifting  | 1 |  1.9
Short Blades   | |  2.9
Throwing       | |  1.0

Action                     |  1- 3 |  4- 6 || total
---------------------------+-------+-------++-------
  Melee: Short sword       |   192 |    21 ||   213
         Dagger            |       |    84 ||    84
   Fire: Sling             |     7 |    82 ||    89
  Throw: Dart              |     3 |       ||     3
         Stone             |       |     4 ||     4
   Cast: Blink             |     6 |     6 ||    12
         Lesser Beckoning  |     3 |       ||     3
    Use: Scroll            |       |     3 ||     3
         Potion            |       |     1 ||     1
   Stab: Sleeping          |     9 |     8 ||    17
         Distracted        |       |     2 ||     2
 Armour: Robe              |    53 |    28 ||    81
  Dodge: Dodged            |   136 |    65 ||   201
